 Dungeon Crawl Stone Soup version 0.26-a0-651-gb41185065b (webtiles) character file.

Game seed: 5775748657517544216

126 DoubleLucky the Grave Robber (level 4, -3/32 HPs)
             Began as a Vampire Necromancer on Sept 29, 2020.
             Killed from afar by an orc wizard (8 damage)
             ... with a puff of frost
             ... on level 3 of the Dungeon.
             The game lasted 00:14:15 (2515 turns).

DoubleLucky the Grave Robber (Vampire Necromancer)  Turns: 2515, Time: 00:14:16

Health: -3/32      AC:  5    Str:  7    XL:     4   Next: 84%
Magic:  4/8        EV: 13    Int: 18    God:
Gold:   81         SH:  0    Dex: 20    Spells: 3/8 levels left

rFire    . . .     SeeInvis +   b - +0 dagger
rCold    . . .     Faith    .   (no shield)
rNeg     . . .     Spirit   .   m - +0 leather armour
rPois    .         Reflect  .   k - +0 helmet
rElec    .         Harm     .   o - +0 cloak (curse)
rCorr    .         Rampage  .   (no gloves)
MR       .....                  (no boots)
Stlth    ++........             (no amulet)
HPRegen  0.30/turn              d - +6 ring of dexterity
MPRegen  0.11/turn              (no ring)

@: regenerating quickly
A: fangs 3, see invisible, unbreathing
a: Exsanguinate


You were on level 3 of the Dungeon.
You visited 1 branch of the dungeon, and saw 3 of its levels.

You collected 81 gold pieces.

Inventory:

Hand Weapons
 b - a +0 dagger (weapon)
 p - a +1 spear of venom
Missiles
 c - 86 stones (quivered)
Armour
 a - a +0 robe
 j - a +0 cloak
 k - a +0 helmet (worn)
 m - a +0 leather armour (worn)
 o - a cursed +0 cloak (worn)
Jewellery
 d - a +6 ring of dexterity (left hand)
Scrolls
 f - a scroll of remove curse
 g - a scroll of enchant weapon {unknown}
 h - a scroll of noise {unknown}
 i - 2 scrolls of amnesia {unknown}
 l - 2 scrolls of fear {unknown}
 n - 2 scrolls of identify {unknown}
Potions
 e - a potion of lignification {unknown}


   Skills:
 + Level 1.6 Fighting
 + Level 3.3 Dodging
 - Level 3.0 Stealth
 + Level 2.9 Spellcasting
 + Level 5.2 Necromancy


You had 3 spell levels left.
You knew the following spells:

 Your Spells              Type           Power        Failure   Level
a - Pain                  Necr           ###.         3%          1
b - Animate Skeleton      Necr           ###...       3%          1
c - Vampiric Draining     Necr           ###.......   9%          3

Your spell library contained the following spells:

 Spells                   Type           Power        Failure   Level
 Animate Dead             Necr           ###.......   28%         4
 Agony                    Necr           ###.....     63%         5


Dungeon Overview and Level Annotations

Branches:
Dungeon (3/15)

Altars:


Innate Abilities, Weirdness & Mutations

Your natural rate of healing is unusually fast.
You have razor-sharp teeth.
You have supernaturally acute eyesight. (SInv)
You can survive without breathing.


Message History

Aim: an orc wizard, wielding a +0 dagger and wearing a +0 robe (lightly wounded, fast, chance to defeat MR: 80%)
The orc wizard writhes in agony.
The orc wizard points at you and mumbles some strange words.
The magic dart hits you! The orc wizard casts a spell at you.
The magic dart hits you!
The orc wizard looks satisfied for a moment.
Your magical contamination has completely faded away.
The orc wizard points at you and mumbles some strange words.
The magic dart hits you.
* * * LOW HITPOINT WARNING * * *
There is a stone staircase leading up here.
You hit the orc wizard.
The orc wizard is moderately wounded.
The orc wizard casts a spell at you. The magic dart hits you.
* * * LOW HITPOINT WARNING * * *
The orc wizard points at you and mumbles some strange words.
The puff of frost hits you!
You die...

#...#..####.#..
#...#.......#..
###....).....##..
#......)).......#
#......##.##.##.#
#.........##+# .#
#####'####.......
######....'.......
#@o....####....#.#
######.# ..###.#
#.# .## .. #.# .#
#.# #.# #.. ###


You could see an orc wizard (fast).

Vanquished Creatures
  4 gnolls (D:2)
  3 adders (D:2)
  An ooze (D:1)
  A worm (D:2)
  3 leopard geckos (D:1)
  2 orcs (D:3)
  A ball python (D:2)
  8 bats
  3 giant cockroaches (D:1)
  2 goblins
  4 hobgoblins (D:1)
  3 jackals (D:2)
  5 kobolds
  5 frilled lizards
  4 rats
49 creatures vanquished.

Notes
Turn   | Place    | Note
-------+----------+-------------------------------------------
     0 | D:1      | DoubleLucky the Vampire Necromancer began the quest for the
                  | Orb.
     0 | D:1      | Reached XP level 1. HP: 13/13 MP: 3/3
   162 | D:1      | Reached XP level 2. HP: 18/18 MP: 1/5
   359 | D:1      | Learned a level 1 spell: Animate Skeleton
   677 | D:1      | Reached XP level 3. HP: 22/22 MP: 3/6
  1086 | D:2      | Reached skill level 1 in Fighting
  1620 | D:2      | Reached skill level 5 in Necromancy
  1671 | D:2      | Reached XP level 4. HP: 28/28 MP: 4/7
  1909 | D:2      | Learned a level 3 spell: Vampiric Draining
  2515 | D:3      | Killed from afar by an orc wizard

Illustrated notes

Levels and vault maps discovered:
D:1:      tarquinn_simple_flora_water_f, layout_basic, minmay_hedge_maze
D:2:      layout_basic, serial_corexii_hall, corexii_hall_statues_i,
          corexii_hall_statues_l, chequers_hall_statues_wall_a
D:3:      kb_forest_paths, layout_basic, grunt_temple_overflow_diamond,
          chequers_ecumenical_altar_simple, minmay_strange_pillars,
          grunt_gozag_statues

Skill      XL: |  1  2  3 |
---------------+----------+-----
Fighting       | 1 |  1.6
Dodging        | 3 |  3.3
Necromancy     | 5 |  5.2
Stealth        | |  3.0
Spellcasting   | |  2.9

Action                   |  1- 3 |  4- 6 || total
-------------------------+-------+-------++-------
Melee: Dagger            |    10 |     4 ||    14
       Whip              |     2 |       ||     2
       Bite              |     3 |       ||     3
 Cast: Pain              |    66 |    36 ||   102
       Animate Skeleton  |     1 |     1 ||     2
 Abil: Exsanguinate      |     1 |       ||     1
       Revivify          |     1 |       ||     1
  Use: Scroll            |     1 |       ||     1
Armor: Robe              |     3 |       ||     3
       Leather armour    |     2 |       ||     2
Dodge: Dodged            |    18 |     4 ||    22

Table legend: (Time is in decaauts)
 A = Elapsed time spent in this place.
 B = Non-inter-level travel time spent in this place.
 C = Inter-level travel time spent in this place.
 D = Time resting spent in this place.
 E = Time spent auto-exploring this place.
 F = Levels seen in this place.
 G = Mean time per level.
                   A        B        C        D        E       F      G
               +--------+--------+--------+--------+--------+-----+--------+
         Total |   2512 |   2445 |     67 |    106 |   1678 |   3 |  837.3 |
       Dungeon |   2512 |   2445 |     67 |    106 |   1678 |   3 |  837.3 |
               +--------+--------+--------+--------+--------+-----+--------+

Top non-repeatable levels by time:
     D:2: 1406 daAuts
     D:1: 993 daAuts
     D:3: 112 daAuts
